 Dungeon Crawl Stone Soup version 0.29-a0-575-g0dc89cf053 (webtiles) character file.

Game seed: 17113555659387844605

462 DocClef the Covert (level 7, 0/62 HPs)
             Began as a Gnoll Delver on June 12, 2022.
             Slain by a kobold
             ... wielding a +0 club
              (3 damage)
             ... in a sewer.
             The game lasted 00:01:42 (843 turns).

DocClef the Covert (Gnoll Delver)                    Turns: 843, Time: 00:01:43

Health: 0/62       AC:  2    Str: 12    XL:     7   Next: 7%
Magic:  8/14       EV: 14    Int:  9    God:
Gold:   0          SH:  0    Dex: 15    Spells: 15/15 levels left

rFire   . . .      SeeInvis .   a - +0 short sword
rCold   . . .      Faith    .   (no shield)
rNeg    . . .      Spirit   .   b - +0 leather armour
rPois   .          Reflect  .   (helmet restricted)
rElec   .          Harm     .   (no cloak)
rCorr   .          Rampage  .   (no gloves)
Will    .....      Rnd*Tele +   (no boots)
Stlth   ++++......              (no amulet)
HPRegen 1.00/turn               (no ring)
MPRegen 0.14/turn               (no ring)

@: no status effects
A: fangs 1, strong nose, distributed training, antennae 1, deformed body,
regeneration 1, teleportitis 1
a: no special abilities


You were in a sewer.
You visited 1 branch of the dungeon, and saw 1 of its levels.
You also visited: Sewer.

Inventory:

Hand Weapons
 a - a +0 short sword (weapon)
Armour
 b - a +0 leather armour (worn)
Wands
 g - a wand of digging (3)
Scrolls
 c - a scroll of fog
 e - a scroll of fear
Potions
 f - 3 potions of haste


   Skills:
 + Level 8.2 Fighting
 + Level 6.7 Short Blades
 + Level 4.8 Long Blades
 + Level 4.8 Axes
 + Level 4.8 Maces & Flails
 + Level 4.8 Polearms
 + Level 4.8 Staves
 + Level 4.8 Slings
 + Level 4.8 Bows
 + Level 4.8 Crossbows
 + Level 4.8 Throwing
 + Level 4.8 Armour
 + Level 6.7 Dodging
 + Level 10.7 Stealth
 + Level 4.8 Shields
 + Level 4.8 Unarmed Combat
 + Level 4.8 Spellcasting
 + Level 4.0 Conjurations
 + Level 4.0 Hexes
 + Level 4.0 Summonings
 + Level 4.0 Necromancy
 + Level 4.0 Translocations
 + Level 4.0 Transmutations
 + Level 4.0 Fire Magic
 + Level 4.0 Ice Magic
 + Level 4.0 Air Magic
 + Level 4.0 Earth Magic
 + Level 4.0 Poison Magic
 + Level 5.3 Invocations
 + Level 4.8 Evocations


You had 15 spell levels left.
You didn't know any spells.
Your spell library was empty.

Dungeon Overview and Level Annotations

Branches:
Dungeon (5/15)              Sewer (1/1)
 Temple: D:4-7

Altars:

Annotations:
D:5 Sigmund


Innate Abilities, Weirdness & Mutations

You have very sharp teeth.
Your uncanny sense of smell can sniff out nearby items.
Your experience applies equally to all skills.
You have a pair of small antennae on your head.
Armour fits poorly on your strangely shaped body.
Your natural rate of healing is unusually fast.
You are occasionally teleported next to monsters.


Message History

Your Translocations skill gained 3 levels and is now at level 4!
Your Transmutations skill gained 3 levels and is now at level 4!
Your Fire Magic skill gained 3 levels and is now at level 4!
Your Ice Magic skill gained 3 levels and is now at level 4!
Your Air Magic skill gained 3 levels and is now at level 4!
Your Earth Magic skill gained 3 levels and is now at level 4!
Your Poison Magic skill gained 3 levels and is now at level 4!
Your Invocations skill gained 3 levels and is now at level 5!
Your Evocations skill gained 3 levels and is now at level 4!
You have reached level 7!
The kobold brigand hits you with a +0 club.
* * * LOW HITPOINT WARNING * * *
The kobold brigand hits you with a +0 club.
* * * LOW HITPOINT WARNING * * *
The kobold misses you. The kobold barely misses you.
Unknown command.
It was a potion of mutation.
You feel extremely strange.
You feel weirdly uncertain.
Iridescent scales grow over part of your body.
You feel a strange attunement to the structure of the dungeons.
The kobold brigand closely misses you. x2; The kobold completely misses you.
The kobold hits you but does no damage.
Really quaff the potion of mutation?
You feel extremely strange.
You feel slightly disoriented.
Your iridescent scales disappear.
Your body twists and deforms.
You begin to heal more quickly.
A pair of antennae grows on your head! The kobold brigand closely misses you.
The kobold brigand hits you with a +0 club!
* * * LOW HITPOINT WARNING * * *
The kobold hits you with a +0 whip.
* * * LOW HITPOINT WARNING * * *
The kobold closely misses you.
Sorry, you're not good enough to have a special ability.
Sorry, you're not good enough to have a special ability.
You hit the kobold.
You kill the kobold!
The kobold completely misses you. The kobold brigand misses you.
The kobold brigand closely misses you. The kobold hits you with a +0 club.
You die...

#...#≈≈≈# #∩∩.#≈≈≈#
#...'≈≈≈#
#####≈≈≈######
#≈≈≈#...!#
∆#≈≈≈#.∩.?#
#≈≈≈#...)# * ,
#≈≈≈#.KK.#
##++##≈≈≈##K@###
#†...#≈≈≈#.K.K.###
###...P#≈≈≈#.......#
#....≈≈≈≈≈≈#.......#
##...P≈≈≈≈≈#..†....#
##...≈P#≈≈≈#P......#
#....≈≈#≈≈≈#≈≈.....#
#......#≈≈≈#P≈P....##
#..†...#≈≈≈≈≈≈......#


You could see 2 kobold brigands and 3 kobolds.

Vanquished Creatures
  An ogre (D:5)
  A kobold brigand (Sewer)
  2 hounds (D:5)
  A shadow imp (D:5)
  2 ball pythons (Sewer)
  2 bats (Sewer)
  3 endoplasms (Sewer)
  10 kobolds (Sewer)
  A quokka (D:5)
  3 frilled lizards (Sewer)
  3 rats (Sewer)
29 creatures vanquished.

Vanquished Creatures (others)
  An orc wizard (D:5)
  An orc (D:5)
  A plant (Sewer)
3 creatures vanquished.

Grand Total: 32 creatures vanquished

Notes
Turn   | Place    | Note
-------+----------+-------------------------------------------
     0 | D:5      | Reached skill level 9 in Stealth
     0 | D:5      | DocClef the Gnoll Delver began the quest for the Orb.
     0 | D:5      | Reached XP level 1. HP: 23/23 MP: 1/1
     6 | D:5      | Noticed a hound
    18 | D:5      | Noticed an orc wizard
    27 | D:5      | Killed a hound
    28 | D:5      | Reached XP level 2. HP: 11/29 MP: 2/2
    28 | D:5      | Reached XP level 3. HP: 13/35 MP: 3/3
    60 | D:5      | Noticed an ogre
    64 | D:5      | Killed an ogre
    65 | D:5      | Reached skill level 1 in Long Blades
    65 | D:5      | Reached skill level 1 in Axes
    65 | D:5      | Reached skill level 1 in Maces & Flails
    65 | D:5      | Reached skill level 1 in Polearms
    65 | D:5      | Reached skill level 1 in Staves
    65 | D:5      | Reached skill level 1 in Slings
    65 | D:5      | Reached skill level 1 in Bows
    65 | D:5      | Reached skill level 1 in Crossbows
    65 | D:5      | Reached skill level 1 in Throwing
    65 | D:5      | Reached skill level 1 in Armour
    65 | D:5      | Reached skill level 1 in Shields
    65 | D:5      | Reached skill level 1 in Unarmed Combat
    65 | D:5      | Reached skill level 1 in Spellcasting
    65 | D:5      | Reached skill level 1 in Conjurations
    65 | D:5      | Reached skill level 1 in Hexes
    65 | D:5      | Reached skill level 1 in Summonings
    65 | D:5      | Reached skill level 1 in Necromancy
    65 | D:5      | Reached skill level 1 in Translocations
    65 | D:5      | Reached skill level 1 in Transmutations
    65 | D:5      | Reached skill level 1 in Fire Magic
    65 | D:5      | Reached skill level 1 in Ice Magic
    65 | D:5      | Reached skill level 1 in Air Magic
    65 | D:5      | Reached skill level 1 in Earth Magic
    65 | D:5      | Reached skill level 1 in Poison Magic
    65 | D:5      | Reached skill level 1 in Invocations
    65 | D:5      | Reached skill level 1 in Evocations
    65 | D:5      | Reached XP level 4. HP: 20/41 MP: 3/5
    67 | D:5      | Reached XP level 5. HP: 23/47 MP: 3/7
    95 | D:5      | Found a glowing drain.
    97 | D:5      | Noticed Sigmund
   101 | D:5      | Noticed a black bear
   104 | Sewer    | Entered a sewer
   481 | Sewer    | Noticed a kobold brigand
   520 | Sewer    | Killed a kobold brigand
   521 | Sewer    | Reached XP level 6. HP: 11/53 MP: 8/8
   839 | Sewer    | Reached skill level 10 in Stealth
   839 | Sewer    | Reached skill level 5 in Invocations
   839 | Sewer    | Reached XP level 7. HP: 12/62 MP: 8/14
   840 | Sewer    | Gained mutation: You are occasionally teleported next to
                  | monsters. [potion of mutation]
   840 | Sewer    | Gained mutation: You are partially covered in iridescent
                  | scales. (AC +2) [potion of mutation]
   840 | Sewer    | Gained mutation: You passively map a small area around you.
                  | [potion of mutation]
   841 | Sewer    | Lost mutation: You passively map a small area around you.
                  | [potion of mutation]
   841 | Sewer    | Lost mutation: You are partially covered in iridescent
                  | scales. (AC +2) [potion of mutation]
   841 | Sewer    | Gained mutation: Armour fits poorly on your strangely
                  | shaped body. [potion of mutation]
   841 | Sewer    | Gained mutation: Your natural rate of healing is unusually
                  | fast. [potion of mutation]
   841 | Sewer    | Gained mutation: You have a pair of small antennae on your
                  | head. [potion of mutation]
   841 | Sewer    | HP: 1/62 [kobold/+0 whip (3)]
   843 | Sewer    | Slain by a kobold

Illustrated notes

Levels and vault maps discovered:
D:5:      layout_basic, cheibrodos_sewer_entry_drain, lemuel_flame_loot_1,
          uniq_sigmund
Sewer:    kennysheep_pipe_town

Skill      XL: |  1  2  3  4  5  6 |
---------------+-------------------+-----
Stealth        | 10 | 10.7
Long Blades    | 1 4 |  4.8
Axes           | 1 4 |  4.8
Maces & Flails | 1 4 |  4.8
Polearms       | 1 4 |  4.8
Staves         | 1 4 |  4.8
Slings         | 1 4 |  4.8
Bows           | 1 4 |  4.8
Crossbows      | 1 4 |  4.8
Throwing       | 1 4 |  4.8
Armour         | 1 4 |  4.8
Shields        | 1 4 |  4.8
Unarmed Combat | 1 4 |  4.8
Spellcasting   | 1 4 |  4.8
Conjurations   | 1 4 |  4.0
Hexes          | 1 4 |  4.0
Summonings     | 1 4 |  4.0
Necromancy     | 1 4 |  4.0
Translocations | 1 4 |  4.0
Transmutations | 1 4 |  4.0
Fire Magic     | 1 4 |  4.0
Ice Magic      | 1 4 |  4.0
Air Magic      | 1 4 |  4.0
Earth Magic    | 1 4 |  4.0
Poison Magic   | 1 4 |  4.0
Invocations    | 1 2 5 |  5.3
Evocations     | 1 4 |  4.8
Fighting       | 8 |  8.2
Short Blades   | 6 |  6.7
Dodging        | 6 |  6.7

Action                   |  1- 3 |  4- 6 |  7- 9 || total
-------------------------+-------+-------+-------++-------
Melee: Short sword       |    19 |    84 |     1 ||   104
       Bite              |     2 |    10 |       ||    12
       Punch             |       |     3 |       ||     3
  Use: Scroll            |     1 |       |       ||     1
       Potion            |       |     5 |     2 ||     7
 Stab: Sleeping          |     1 |     7 |       ||     8
Armor: Leather armour    |     5 |    16 |     1 ||    22
Dodge: Dodged            |    14 |    57 |    10 ||    81

Table legend: (Time is in decaauts)
 A = Elapsed time spent in this place.
 B = Non-inter-level travel time spent in this place.
 C = Inter-level travel time spent in this place.
 D = Time resting spent in this place.
 E = Time spent auto-exploring this place.
 F = Levels seen in this place.
 G = Mean time per level.
                   A        B        C        D        E       F      G
               +--------+--------+--------+--------+--------+-----+--------+
         Total |    848 |    848 |      0 |    243 |    357 |   2 |  424.0 |
       Dungeon |    101 |    101 |      0 |      0 |      4 |   1 |  101.0 |
         Sewer |    746 |    746 |      0 |    243 |    353 |   1 |  746.0 |
               +--------+--------+--------+--------+--------+-----+--------+

Top non-repeatable levels by time:
   Sewer: 746 daAuts
     D:5: 101 daAuts
